[Event "39th Olympiad Khanty-Mansiysk 2010"]
[Site "Khanty-Mansiysk/Russia"]
[Date "2010.09.22"]
[Round "1"]
[White "Stevic, Hrvoje"]
[Black "Topalov, Veselin"]
[Result "1/2-1/2"]
[WhiteElo "2607"]
[BlackElo "2803"]
[PlyCount "126"]
[EventDate "2010.??.??"]
[WhiteTeam "Croatia"]
[BlackTeam "Bulgaria"]
[WhiteTeamCountry "CRO"]
[BlackTeamCountry "BUL"]
[TimeControl "40/5400+30:1800+30"]

1. e4 c5 2. c3 d5 3. exd5 Qxd5 4. d4 cxd4 5. cxd4 Nc6 6. Nf3 Bg4 7. Nc3 Bxf3 8.
gxf3 Qxd4 9. Qxd4 Nxd4 10. Nb5 e5 11. Nc7+ Kd7 12. Nxa8 Bb4+ 13. Kd1 Ne7 14. f4
Rxa8 15. fxe5 Rd8 16. Bh3+ Ke8 17. Be3 Nd5 18. Bxd4 Nf4 19. Kc2 Rxd4 20. Bf1
Ne6 21. Rd1 Rf4 22. Kb1 Ke7 23. Bg2 b6 24. Rhf1 Bc5 25. Rd2 h5 26. Bd5 g5 27.
f3 a5 28. Rfd1 Rf5 29. Be4 Rxe5 30. Rd5 Rxd5 31. Rxd5 f6 32. Kc2 Bd6 33. Rd2
Bf4 34. Rf2 f5 35. Bd5 Nc5 36. Re2+ Kf6 37. Kc3 b5 38. Kd4 Bd6 39. Bg8 g4 40.
fxg4 hxg4 41. Kd5 Ne4 42. a4 bxa4 43. Rxe4 fxe4 44. Kxd6 Kf5 45. Bc4 Kf4 46.
Be2 g3 47. hxg3+ Kxg3 48. Kc5 Kf2 49. Bh5 Ke1 50. Kb5 Kd2 51. Kxa4 Kc2 52. Ka3
e3 53. Be2 a4 54. Ba6 Kc1 55. Ka2 Kc2 56. Bc4 Kc1 57. Bb5 Kd2 58. Kb1 e2 59.
Bxe2 Kxe2 60. Kc2 Ke1 61. Kc3 Kd1 62. Kb4 Kc2 63. Kxa4 Kxb2 1/2-1/2

[Event "39th Olympiad Khanty-Mansiysk 2010"]
[Site "Khanty-Mansiysk/Russia"]
[Date "2010.09.22"]
[Round "1"]
[White "Lenic, Luka"]
[Black "Fressinet, Laurent"]
[Result "1/2-1/2"]
[WhiteElo "2603"]
[BlackElo "2718"]
[PlyCount "39"]
[EventDate "2010.??.??"]
[WhiteTeam "Slovenia"]
[BlackTeam "France"]
[WhiteTeamCountry "SLO"]
[BlackTeamCountry "FRA"]
[TimeControl "40/5400+30:1800+30"]

1. d4 d5 2. c4 c6 3. Nf3 Nf6 4. e3 Bf5 5. Nc3 e6 6. Nh4 Bg6 7. Be2 Nbd7 8. O-O
Bd6 9. g3 O-O 10. Nxg6 hxg6 11. Bd2 Qe7 12. c5 Bc7 13. f4 Ne4 14. Nxe4 dxe4 15.
Qc2 f5 16. Bc4 Rfe8 17. g4 Nf6 18. g5 Nd5 19. Bxd5 exd5 20. h4 1/2-1/2

[Event "39th Olympiad Khanty-Mansiysk 2010"]
[Site "Khanty-Mansiysk/Russia"]
[Date "2010.09.22"]
[Round "1"]
[White "Amonatov, Farrukh"]
[Black "Pornariyasombat, Atippat"]
[Result "1-0"]
[WhiteElo "2602"]
[BlackElo "2181"]
[PlyCount "71"]
[EventDate "2010.??.??"]
[WhiteTeam "Tajikistan"]
[BlackTeam "Thailand"]
[WhiteTeamCountry "TJK"]
[BlackTeamCountry "THA"]
[TimeControl "40/5400+30:1800+30"]

1. e4 c5 2. Nf3 g6 3. d4 cxd4 4. Qxd4 Nf6 5. e5 Nc6 6. Qa4 Nd5 7. Qe4 Nb6 8.
Bf4 Bg7 9. Nc3 O-O 10. O-O-O d5 11. exd6 e5 12. Be3 Bd7 13. Qh4 f6 14. Bd3 Be6
15. Kb1 Rf7 16. Bxb6 Qxb6 17. Bc4 g5 18. Qe4 f5 19. Qe2 Bxc4 20. Qxc4 h6 21.
Nd5 Qd8 22. Nc7 Rc8 23. Ne6 Qd7 24. Nxg7 Kxg7 25. Rd5 Qe6 26. Nxe5 Nxe5 27. Qd4
Kf6 28. Re1 Rc4 29. Qxe5+ Qxe5 30. Rexe5 Rf4 31. Re2 Rd7 32. b3 Re4 33. Rxe4
fxe4 34. c4 Ke6 35. Kc2 Rd8 36. d7 1-0

[Event "39th Olympiad Khanty-Mansiysk 2010"]
[Site "Khanty-Mansiysk/Russia"]
[Date "2010.09.22"]
[Round "1"]
[White "Corrales Jimenez, Fidel"]
[Black "Atabayev, Maksat"]
[Result "1-0"]
[WhiteElo "2599"]
[BlackElo "2318"]
[PlyCount "103"]
[EventDate "2010.??.??"]
[WhiteTeam "Cuba"]
[BlackTeam "Turkmenistan"]
[WhiteTeamCountry "CUB"]
[BlackTeamCountry "TKM"]
[TimeControl "40/5400+30:1800+30"]

1. e4 c5 2. Nf3 d6 3. d4 cxd4 4. Nxd4 Nf6 5. Nc3 Nc6 6. Bg5 e6 7. Qd2 h6 8.
Bxf6 gxf6 9. O-O-O a6 10. f4 Bd7 11. Be2 h5 12. Kb1 Qb6 13. Nb3 O-O-O 14. Rhf1
Kb8 15. Rf3 Be7 16. Qe1 h4 17. Rh3 Rc8 18. Rxh4 Rxh4 19. Qxh4 f5 20. Qh5 fxe4
21. Qxf7 Rf8 22. Qh7 Rxf4 23. Nxe4 d5 24. Nc3 Bc8 25. h3 d4 26. Ne4 Rh4 27. Qg6
Ne5 28. Qg7 Rxe4 29. Bd3 Nxd3 30. cxd3 Re2 31. Qxe7 Rxg2 32. Rc1 Rg8 33. Qf7
Rd8 34. h4 e5 35. Nc5 Qd6 36. Ne4 Qd7 37. Qf6 Re8 38. Qb6 Qd8 39. Qg6 Re6 40.
Qg3 Qh8 41. Qg5 Rh6 42. Qe7 Bf5 43. Rf1 Rh5 44. Rxf5 Rxf5 45. Nd6 Rf1+ 46. Kc2
Rf2+ 47. Kb3 Qg8+ 48. Ka3 Qg2 49. Qd8+ Ka7 50. Nc8+ Kb8 51. Nb6+ Ka7 52. Nd7
1-0

[Event "39th Olympiad Khanty-Mansiysk 2010"]
[Site "Khanty-Mansiysk/Russia"]
[Date "2010.09.22"]
[Round "1"]
[White "Bartel, Mateusz"]
[Black "Boshku, Harallamb"]
[Result "1-0"]
[WhiteElo "2599"]
[BlackElo "2314"]
[PlyCount "47"]
[EventDate "2010.??.??"]
[WhiteTeam "Poland"]
[BlackTeam "Albania"]
[WhiteTeamCountry "POL"]
[BlackTeamCountry "ALB"]
[TimeControl "40/5400+30:1800+30"]

1. e4 e5 2. Nf3 Nc6 3. Bc4 Nf6 4. Ng5 d5 5. exd5 Na5 6. Bb5+ c6 7. dxc6 bxc6 8.
Be2 h6 9. Nh3 Bc5 10. d3 O-O 11. O-O Rb8 12. Nd2 Nd5 13. Ne4 Bb6 14. c4 Ne7 15.
b4 Bd4 16. Rb1 Bxh3 17. gxh3 Qd7 18. Kh1 f5 19. Ng3 f4 20. Bg4 Qd8 21. Be6+ Kh7
22. Ne4 Nb7 23. Rg1 Nd6 24. Ng5+ 1-0

[Event "39th Olympiad Khanty-Mansiysk 2010"]
[Site "Khanty-Mansiysk/Russia"]
[Date "2010.09.22"]
[Round "1"]
[White "Hansen, Sune Berg"]
[Black "Pelletier, Yannick"]
[Result "1/2-1/2"]
[WhiteElo "2595"]
[BlackElo "2592"]
[PlyCount "55"]
[EventDate "2010.??.??"]
[WhiteTeam "Denmark"]
[BlackTeam "Switzerland"]
[WhiteTeamCountry "DEN"]
[BlackTeamCountry "SUI"]
[TimeControl "40/5400+30:1800+30"]

1. d4 Nf6 2. Nf3 e6 3. c4 b6 4. g3 Ba6 5. b3 Bb4+ 6. Bd2 Be7 7. Bg2 c6 8. O-O
d5 9. Qc2 Nbd7 10. Rd1 O-O 11. a4 c5 12. a5 dxc4 13. bxc4 Bb7 14. d5 exd5 15.
a6 Bc6 16. Ng5 g6 17. Nc3 Rc8 18. cxd5 Nxd5 19. Nxf7 Rxf7 20. Nxd5 Nf6 21. e4
Nxd5 22. exd5 Bd7 23. d6 Bf6 24. Ra3 Bc6 25. Bh3 Bd7 26. Bg2 Bc6 27. Bh3 Bd7
28. Bg2 1/2-1/2

[Event "39th Olympiad Khanty-Mansiysk 2010"]
[Site "Khanty-Mansiysk/Russia"]
[Date "2010.09.22"]
[Round "1"]
[White "Ghaem, Maghami Ehsan"]
[Black "Navara, David"]
[Result "0-1"]
[WhiteElo "2594"]
[BlackElo "2722"]
[PlyCount "102"]
[EventDate "2010.??.??"]
[WhiteTeam "Iran"]
[BlackTeam "Czech Republic"]
[WhiteTeamCountry "IRI"]
[BlackTeamCountry "CZE"]
[TimeControl "40/5400+30:1800+30"]

1. e4 e5 2. Nf3 Nc6 3. Bb5 Nf6 4. O-O Nxe4 5. d4 Nd6 6. dxe5 Nxb5 7. a4 d6 8.
e6 fxe6 9. axb5 Nb4 10. Re1 Be7 11. b6 a5 12. bxc7 Qxc7 13. c3 Nc6 14. Na3 O-O
15. Nb5 Qd7 16. c4 d5 17. cxd5 exd5 18. Be3 Bb4 19. Bd2 Qf7 20. Bxb4 Nxb4 21.
Qd2 Bf5 22. Nbd4 Be4 23. Ng5 Qg6 24. f3 h6 25. Nge6 Rxf3 26. Nxf3 Qxe6 27. Re3
Qb6 28. Qd4 Qd8 29. Ne1 Nc6 30. Qd2 Qb6 31. Rd1 Rf8 32. h3 Ne7 33. Qd4 Qb5 34.
Qe5 Qb6 35. Qd4 Qa6 36. Qe5 Nf5 37. Rb3 Qa7+ 38. Kh2 Ne3 39. Rxe3 Qxe3 40. Rxd5
Rf1 41. Rd7 Rh1+ 42. Kxh1 Bxg2+ 43. Nxg2 Qxe5 44. Rxb7 Qd5 45. Rb6 Qc4 46. Rb7
g5 47. Kh2 a4 48. Kg3 Qc6 49. Rb8+ Kg7 50. Kf2 Qc2+ 51. Kg1 Qb1+ 0-1

[Event "39th Olympiad Khanty-Mansiysk 2010"]
[Site "Khanty-Mansiysk/Russia"]
[Date "2010.09.22"]
[Round "1"]
[White "Kulaots, Kaido"]
[Black "Larrea, Manuel"]
[Result "1-0"]
[WhiteElo "2592"]
[BlackElo "2323"]
[PlyCount "61"]
[EventDate "2010.??.??"]
[WhiteTeam "Estonia"]
[BlackTeam "Uruguay"]
[WhiteTeamCountry "EST"]
[BlackTeamCountry "URU"]
[TimeControl "40/5400+30:1800+30"]

1. e4 c5 2. Nf3 Nc6 3. d4 cxd4 4. Nxd4 Nf6 5. Nc3 d6 6. Bg5 e6 7. Qd2 Be7 8.
O-O-O O-O 9. f3 a6 10. h4 Nxd4 11. Qxd4 Qa5 12. Kb1 b5 13. Qd2 b4 14. Ne2 e5
15. c4 Be6 16. Ng3 Rfd8 17. Bd3 Qc7 18. Nf1 a5 19. g4 Ne8 20. Ne3 f6 21. Nd5
Bxd5 22. exd5 fxg5 23. hxg5 g6 24. f4 exf4 25. Qxf4 Bf8 26. Bxg6 Rd7 27. Rdf1
Nf6 28. Qxf6 Rg7 29. Bf5 Qe7 30. Be6+ Kh8 31. Rxh7+ 1-0

[Event "39th Olympiad Khanty-Mansiysk 2010"]
[Site "Khanty-Mansiysk/Russia"]
[Date "2010.09.22"]
[Round "1"]
[White "Banikas, Hristos"]
[Black "Amin, Bassem"]
[Result "1/2-1/2"]
[WhiteElo "2590"]
[BlackElo "2578"]
[PlyCount "113"]
[EventDate "2010.??.??"]
[WhiteTeam "Greece"]
[BlackTeam "Egypt"]
[WhiteTeamCountry "GRE"]
[BlackTeamCountry "EGY"]
[TimeControl "40/5400+30:1800+30"]

1. d4 Nf6 2. c4 e6 3. Nf3 Bb4+ 4. Bd2 c5 5. Bxb4 cxb4 6. a3 bxa3 7. Rxa3 O-O 8.
Nc3 d6 9. g3 Nc6 10. Bg2 e5 11. O-O Bg4 12. dxe5 dxe5 13. Qb3 Qe7 14. e3 Rfd8
15. Rfa1 Bxf3 16. Bxf3 e4 17. Bg2 b6 18. Nd5 Nxd5 19. cxd5 Na5 20. Qa2 Rac8 21.
Ra4 f5 22. Bf1 Rc2 23. Qb1 Rc7 24. b4 Nc4 25. Bxc4 Rxc4 26. Rxa7 Qe5 27. Rb7
Rxb4 28. Qc1 Rc4 29. Qxc4 Qxa1+ 30. Kg2 Qd1 31. d6+ Kh8 32. Rxb6 h6 33. Qd4
Qxd4 34. exd4 g5 35. f3 exf3+ 36. Kxf3 Kg7 37. g4 fxg4+ 38. Kxg4 Rf8 39. Rb7+
Kg6 40. Kg3 Rf4 41. d5 Rf5 42. Rb5 h5 43. d7 h4+ 44. Kh3 Rf3+ 45. Kg2 Rf8 46.
Rb6+ Kf7 47. Rc6 Rd8 48. Kf3 Rxd7 49. Ke4 g4 50. Rh6 g3 51. Rxh4 gxh2 52. Rxh2
Rd6 53. Kd4 Ke7 54. Kc5 Ra6 55. d6+ Kd7 56. Rh7+ Kd8 57. Kd5 1/2-1/2

[Event "39th Olympiad Khanty-Mansiysk 2010"]
[Site "Khanty-Mansiysk/Russia"]
[Date "2010.09.22"]
[Round "1"]
[White "Magem Badals, Jordi"]
[Black "Laylo, Darwin"]
[Result "1/2-1/2"]
[WhiteElo "2589"]
[BlackElo "2522"]
[PlyCount "99"]
[EventDate "2010.??.??"]
[WhiteTeam "Espana"]
[BlackTeam "Philippines"]
[WhiteTeamCountry "ESP"]
[BlackTeamCountry "PHI"]
[TimeControl "40/5400+30:1800+30"]

1. e4 c5 2. Nf3 e6 3. d4 cxd4 4. Nxd4 a6 5. Bd3 Bc5 6. Nb3 Be7 7. Qg4 g6 8. Qe2
d6 9. O-O Nd7 10. Na3 Ne5 11. Nc4 Nxc4 12. Bxc4 Qc7 13. a4 Bd7 14. a5 Rc8 15.
Nd2 Nf6 16. b3 O-O 17. Bb2 Bc6 18. Rfd1 Nd7 19. Qf3 Ne5 20. Qf4 Bb5 21. Bxb5
axb5 22. Rdc1 f5 23. Bd4 Bf6 24. exf5 exf5 25. Nf1 Qc6 26. Qd2 Qe4 27. c3 Qg4
28. Qd1 b4 29. f3 Qg5 30. Kh1 bxc3 31. Rxc3 Rxc3 32. Bxc3 Nc6 33. Qd5+ Kg7 34.
Bxf6+ Qxf6 35. Rd1 Qc3 36. Qxd6 Qxb3 37. Rc1 Qb2 38. Rd1 Qb3 39. Rc1 Qb2 40.
Rd1 Qb5 41. Ra1 Rf7 42. Qa3 Re7 43. a6 bxa6 44. Qxa6 Qxa6 45. Rxa6 Re1 46. Kg1
Rc1 47. Ra2 Ne5 48. Kf2 Nd3+ 49. Ke2 Nf4+ 50. Kf2 1/2-1/2

[Event "39th Olympiad Khanty-Mansiysk 2010"]
[Site "Khanty-Mansiysk/Russia"]
[Date "2010.09.22"]
[Round "1"]
[White "Shengelia, David"]
[Black "Vasquez Schroeder, Rodrig"]
[Result "1/2-1/2"]
[WhiteElo "2587"]
[BlackElo "2521"]
[PlyCount "73"]
[EventDate "2010.??.??"]
[WhiteTeam "Austria"]
[BlackTeam "Chile"]
[WhiteTeamCountry "AUT"]
[BlackTeamCountry "CHI"]
[TimeControl "40/5400+30:1800+30"]

1. d4 d5 2. c4 c6 3. Nf3 Nf6 4. e3 Bg4 5. Qb3 Qb6 6. Nc3 e6 7. Nh4 Nbd7 8. h3
Bh5 9. Bd2 Be7 10. g4 Bg6 11. Nxg6 hxg6 12. Bg2 g5 13. O-O-O O-O-O 14. Kb1 Kb8
15. e4 Nxe4 16. Bxe4 Qxb3 17. axb3 dxe4 18. Nxe4 f6 19. f4 gxf4 20. Bxf4+ Kc8
21. Bd6 Rde8 22. h4 Kd8 23. d5 exd5 24. cxd5 f5 25. Bxe7+ Rxe7 26. Ng5 cxd5 27.
gxf5 Nf6 28. Ne6+ Kd7 29. Rdg1 Ne8 30. Rg6 b6 31. Rd1 Nc7 32. Nxg7 Rxh4 33. Ne6
Rf7 34. Nxc7 Kxc7 35. Rxd5 Rh5 36. Rg2 Rhxf5 37. Rxf5 1/2-1/2

[Event "39th Olympiad Khanty-Mansiysk 2010"]
[Site "Khanty-Mansiysk/Russia"]
[Date "2010.09.22"]
[Round "1"]
[White "Stefansson, Hannes"]
[Black "Berg, Emanuel"]
[Result "1/2-1/2"]
[WhiteElo "2585"]
[BlackElo "2616"]
[PlyCount "53"]
[EventDate "2010.??.??"]
[WhiteTeam "Iceland"]
[BlackTeam "Sweden"]
[WhiteTeamCountry "ISL"]
[BlackTeamCountry "SWE"]
[TimeControl "40/5400+30:1800+30"]

1. d4 Nf6 2. c4 g6 3. g3 Bg7 4. Bg2 c5 5. d5 e6 6. e4 exd5 7. exd5 O-O 8. Nc3
d6 9. Nge2 Re8 10. O-O Nbd7 11. b3 Ne5 12. h3 Bf5 13. g4 Bd3 14. Bf4 Nfd7 15.
Qd2 f5 16. g5 Qa5 17. Rfc1 Bxe2 18. Qxe2 a6 19. Qd2 Re7 20. a4 Rae8 21. Rab1
Nf7 22. Kf1 Nde5 23. Rc2 Nd7 24. Be3 Qd8 25. Bf4 Qa5 26. Qd3 Nde5 27. Qd2
1/2-1/2

[Event "39th Olympiad Khanty-Mansiysk 2010"]
[Site "Khanty-Mansiysk/Russia"]
[Date "2010.09.22"]
[Round "1"]
[White "Agrest, Evgenij"]
[Black "Steingrimsson, Hedinn"]
[Result "1/2-1/2"]
[WhiteElo "2585"]
[BlackElo "2550"]
[PlyCount "77"]
[EventDate "2010.??.??"]
[WhiteTeam "Sweden"]
[BlackTeam "Iceland"]
[WhiteTeamCountry "SWE"]
[BlackTeamCountry "ISL"]
[TimeControl "40/5400+30:1800+30"]

1. c4 e6 2. Nf3 Nf6 3. Nc3 d5 4. d4 dxc4 5. e4 Bb4 6. Bg5 h6 7. Bxf6 Qxf6 8.
Bxc4 c5 9. O-O cxd4 10. e5 Qd8 11. Ne4 O-O 12. Qe2 b6 13. Rfd1 Nc6 14. Bb5 Bb7
15. Bxc6 Bxc6 16. Nxd4 Qd5 17. Nxc6 Qxc6 18. Rac1 Qb7 19. Qg4 Kh7 20. Ng5+ hxg5
21. Qxb4 Rac8 22. h4 Rxc1 23. Rxc1 Rc8 24. Rd1 Rc5 25. Qg4 Qc7 26. hxg5 Rxe5
27. Qg3 g6 28. Kh2 Rc5 29. Qxc7 Rxc7 30. Rd2 Kg7 31. Kg3 Kf8 32. f4 Ke7 33. Kf3
Rc1 34. g3 Ra1 35. a3 Re1 36. Rc2 Kd7 37. Rd2+ Ke7 38. Rc2 Kd7 39. Rd2+ 1/2-1/2

[Event "39th Olympiad Khanty-Mansiysk 2010"]
[Site "Khanty-Mansiysk/Russia"]
[Date "2010.09.22"]
[Round "1"]
[White "Vocaturo, Daniele"]
[Black "Kuderinov, Kirill"]
[Result "0-1"]
[WhiteElo "2581"]
[BlackElo "2481"]
[PlyCount "76"]
[EventDate "2010.??.??"]
[WhiteTeam "Italy"]
[BlackTeam "Kazakhstan"]
[WhiteTeamCountry "ITA"]
[BlackTeamCountry "KAZ"]
[TimeControl "40/5400+30:1800+30"]

1. e4 e5 2. Bc4 Nc6 3. Nf3 Bc5 4. c3 Nf6 5. d3 a6 6. O-O O-O 7. Nbd2 d6 8. Bb3
Be6 9. Re1 Re8 10. Nf1 d5 11. exd5 Bxd5 12. Bg5 Bxb3 13. Qxb3 h6 14. Bh4 g5 15.
Bg3 Qxd3 16. Qxb7 Qb5 17. Qxb5 axb5 18. h4 e4 19. hxg5 Nh5 20. Nd4 Nxd4 21.
cxd4 Bxd4 22. gxh6 c5 23. Ne3 Nxg3 24. fxg3 Re6 25. Re2 Rxh6 26. a3 b4 27. a4
Rha6 28. Kh2 Rxa4 29. Rxa4 Rxa4 30. Nf5 b3 31. Kh3 Be5 32. Kg4 f6 33. Re3 c4
34. Rxe4 c3 35. Rxa4 cxb2 36. Kh5 b1=Q 37. Kg6 Qa2 38. Rc4 Qa8 0-1

[Event "39th Olympiad Khanty-Mansiysk 2010"]
[Site "Khanty-Mansiysk/Russia"]
[Date "2010.09.22"]
[Round "1"]
[White "Zhigalko, Andrey"]
[Black "Motylev, Alexandr"]
[Result "0-1"]
[WhiteElo "2580"]
[BlackElo "2694"]
[PlyCount "122"]
[EventDate "2010.??.??"]
[WhiteTeam "Belarus"]
[BlackTeam "RU3"]
[WhiteTeamCountry "BLR"]
[TimeControl "40/5400+30:1800+30"]

1. e4 c5 2. Nf3 d6 3. d4 cxd4 4. Nxd4 Nf6 5. Nc3 g6 6. Be3 Bg7 7. f3 O-O 8. Qd2
Nc6 9. Bc4 Bd7 10. O-O-O Rb8 11. Bb3 Na5 12. Bh6 Bxh6 13. Qxh6 e5 14. Nde2 b5
15. Rxd6 b4 16. Nb1 Nxb3+ 17. axb3 Ne8 18. Rd3 Qc7 19. Rhd1 Bb5 20. c4 bxc3 21.
Rxc3 Qb7 22. Ng3 Ng7 23. f4 Rfd8 24. Rxd8+ Rxd8 25. Na3 Bd3 26. fxe5 Qb6 27.
Qd2 Qg1+ 28. Qd1 Qe3+ 29. Qd2 Qg1+ 30. Qd1 Qxd1+ 31. Kxd1 Bxe4+ 32. Ke1 Bxg2
33. Nc4 Ne6 34. Kf2 Ba8 35. Ke3 h5 36. Ne4 Bxe4 37. Kxe4 Rd4+ 38. Kf3 Rh4 39.
Kg3 Re4 40. Kf2 Nd4 41. h3 Kg7 42. Rd3 g5 43. Nd6 Rf4+ 44. Ke3 Ne6 45. Rc3 Kg6
46. Rc4 a5 47. Ra4 Rb4 48. Rxb4 axb4 49. Ke4 h4 50. Nc8 Nc5+ 51. Kf3 Nd3 52.
Ne7+ Kh5 53. Ke4 Nf2+ 54. Kf5 Nxh3 55. Ng8 Nf2 56. Nf6+ Kh6 57. Ng8+ Kg7 58.
Ne7 h3 59. Kxg5 h2 60. Nf5+ Kf8 61. Ng3 Ne4+ 0-1

[Event "39th Olympiad Khanty-Mansiysk 2010"]
[Site "Khanty-Mansiysk/Russia"]
[Date "2010.09.22"]
[Round "1"]
[White "Morovic Fernandez, Ivan"]
[Black "Ragger, Markus"]
[Result "1-0"]
[WhiteElo "2580"]
[BlackElo "2628"]
[PlyCount "73"]
[EventDate "2010.??.??"]
[WhiteTeam "Chile"]
[BlackTeam "Austria"]
[WhiteTeamCountry "CHI"]
[BlackTeamCountry "AUT"]
[TimeControl "40/5400+30:1800+30"]

1. d4 d5 2. c4 c6 3. cxd5 cxd5 4. Nc3 Nf6 5. Bf4 Nc6 6. e3 Bf5 7. Nf3 e6 8. Qb3
Bb4 9. Ne5 Qe7 10. Bb5 Rc8 11. Nxc6 bxc6 12. Ba6 Rd8 13. O-O O-O 14. Ne2 Bd6
15. Qa4 Bxf4 16. Nxf4 e5 17. Ne2 Rb8 18. b3 exd4 19. Nxd4 Bd7 20. Rac1 Qd6 21.
Qa5 Ne4 22. Bd3 Ng5 23. f4 Qe7 24. Rfe1 Ne6 25. Nxc6 Bxc6 26. Rxc6 d4 27. Bc4
Qb7 28. Ra6 dxe3 29. Bxe6 fxe6 30. Rxa7 Qe4 31. Qc3 Qg6 32. Qxe3 e5 33. fxe5
Rbc8 34. Rd7 Rc2 35. Rd2 Rfc8 36. e6 R2c3 37. Qxc3 1-0

[Event "39th Olympiad Khanty-Mansiysk 2010"]
[Site "Khanty-Mansiysk/Russia"]
[Date "2010.09.22"]
[Round "1"]
[White "Leon Hoyos, Manuel"]
[Black "Georgiev, Vladimir"]
[Result "1/2-1/2"]
[WhiteElo "2579"]
[BlackElo "2573"]
[PlyCount "106"]
[EventDate "2010.??.??"]
[WhiteTeam "Mexico"]
[BlackTeam "MKD"]
[WhiteTeamCountry "MEX"]
[TimeControl "40/5400+30:1800+30"]

1. e4 e5 2. Nf3 Nc6 3. Bb5 a6 4. Ba4 Nf6 5. O-O b5 6. Bb3 Bb7 7. d3 Be7 8. Re1
O-O 9. Nbd2 Re8 10. c3 Bf8 11. Nf1 Na5 12. Bc2 d5 13. exd5 Qxd5 14. Bg5 Qd6 15.
Ng3 h6 16. Bd2 Rad8 17. Qe2 c5 18. Rad1 Qc6 19. Ne4 c4 20. d4 Nxe4 21. Bxe4
Qxe4 22. Qxe4 Bxe4 23. Rxe4 exd4 24. Rxe8 Rxe8 25. Nxd4 Bc5 26. Be3 Rd8 27. Kf1
Nc6 28. Ke2 Bxd4 29. Bxd4 f6 30. f4 Kf7 31. Bc5 Rxd1 32. Kxd1 Ke6 33. Bf8 h5
34. Bxg7 Kf7 35. Bh6 Ne7 36. f5 Nxf5 37. Bf4 Nh4 38. Bg3 Nxg2 39. Ke2 h4 40.
Bc7 Kg6 41. Kf3 h3 42. Kg3 Ne3 43. Bf4 Nd5 44. Bd6 a5 45. Kxh3 b4 46. cxb4 axb4
47. a4 bxa3 48. Bxa3 Nf4+ 49. Kg4 Nd3 50. Kf3 f5 51. Ke3 f4+ 52. Ke4 Kg5 53.
Bd6 Kg4 1/2-1/2

[Event "39th Olympiad Khanty-Mansiysk 2010"]
[Site "Khanty-Mansiysk/Russia"]
[Date "2010.09.22"]
[Round "1"]
[White "Halkias, Stelios"]
[Black "Shoker, Samy"]
[Result "1/2-1/2"]
[WhiteElo "2577"]
[BlackElo "2458"]
[PlyCount "141"]
[EventDate "2010.??.??"]
[WhiteTeam "Greece"]
[BlackTeam "Egypt"]
[WhiteTeamCountry "GRE"]
[BlackTeamCountry "EGY"]
[TimeControl "40/5400+30:1800+30"]

1. d4 d6 2. Nf3 g6 3. c4 Bg7 4. Nc3 Nf6 5. e4 O-O 6. Be2 e5 7. Be3 Ng4 8. Bg5
f6 9. Bh4 g5 10. Bg3 Nh6 11. dxe5 dxe5 12. O-O c6 13. Qxd8 Rxd8 14. Rfd1 Re8
15. a3 Na6 16. b4 Nc7 17. Nd2 Ne6 18. c5 Nf4 19. Nc4 Nxe2+ 20. Nxe2 Be6 21.
Rac1 Nf7 22. f3 Red8 23. Na5 Rxd1+ 24. Rxd1 Rd8 25. Nc3 Rxd1+ 26. Nxd1 Nd8 27.
Bf2 h5 28. Ne3 Kf7 29. Nf5 Bf8 30. h4 gxh4 31. Be3 Ke8 32. Kf1 Kd7 33. Ke2 Kc7
34. Kd3 b6 35. cxb6+ axb6 36. Nc4 Bxc4+ 37. Kxc4 b5+ 38. Kc3 Ne6 39. Nxh4 c5
40. Nf5 cxb4+ 41. axb4 Ng7 42. Nh4 Kd7 43. Bd2 Bd6 44. Be3 Ne6 45. Nf5 Ng5 46.
Bd2 Bf8 47. Ne3 Ke6 48. Nf5 Kf7 49. Be3 Ne6 50. Kb3 Kg6 51. Nh4+ Kf7 52. Nf5
Kg6 53. Bd2 Kf7 54. Kc3 Kg6 55. Kd3 Kf7 56. g3 Kg6 57. Nh4+ Kf7 58. Nf5 Kg6 59.
Be1 Ng5 60. Ke2 Ne6 61. Bc3 Kf7 62. Ne3 Bh6 63. Nd5 Bg5 64. Nb6 h4 65. gxh4
Bxh4 66. Nc8 Nc7 67. Bd2 Ke6 68. Na7 f5 69. Be3 fxe4 70. fxe4 Be7 71. Bb6
1/2-1/2

[Event "39th Olympiad Khanty-Mansiysk 2010"]
[Site "Khanty-Mansiysk/Russia"]
[Date "2010.09.22"]
[Round "1"]
[White "Kosintseva, Tatiana"]
[Black "Boric, Elena"]
[Result "1-0"]
[WhiteElo "2573"]
[BlackElo "2286"]
[PlyCount "68"]
[EventDate "2010.??.??"]
[WhiteTeam "RU1"]
[BlackTeam "Bosnia  Herzegovina"]
[BlackTeamCountry "BIH"]
[TimeControl "40/5400+30:1800+30"]

1. e4 Nf6 2. e5 Nd5 3. d4 d6 4. Nf3 Bg4 5. Be2 e6 6. O-O Be7 7. c4 Nb6 8. Nc3
O-O 9. Be3 Nc6 10. exd6 cxd6 11. d5 Bxf3 12. Bxf3 Ne5 13. dxe6 fxe6 14. Bg4
Nbxc4 15. Bxe6+ Kh8 16. Bc1 Rf6 17. Bd5 Qc7 18. Be4 Rff8 19. Nd5 Qd8 20. f4 Nf7
21. Bxh7 Nxb2 22. Bxb2 Kxh7 23. Qd3+ g6 24. Rae1 Bh4 25. g3 Nh6 26. gxh4 Nf5
27. h5 gxh5 28. Re7+ Kg8 29. Kh1 Nxe7 30. Rg1+ Kf7 31. Rg7+ Ke8 32. Qb5+ Nc6
33. Qe2+ Ne5 34. Bxe5 Qc8 1-0

[Event "39th Olympiad Khanty-Mansiysk 2010"]
[Site "Khanty-Mansiysk/Russia"]
[Date "2010.09.22"]
[Round "1"]
[White "Saric, Ivan"]
[Black "Georgiev, Kiril"]
[Result "1-0"]
[WhiteElo "2567"]
[BlackElo "2685"]
[PlyCount "69"]
[EventDate "2010.??.??"]
[WhiteTeam "Croatia"]
[BlackTeam "Bulgaria"]
[WhiteTeamCountry "CRO"]
[BlackTeamCountry "BUL"]
[TimeControl "40/5400+30:1800+30"]

1. e4 e5 2. Nf3 Nc6 3. Bc4 Nf6 4. Ng5 d5 5. exd5 Nd4 6. c3 b5 7. Bf1 Nxd5 8.
cxd4 Qxg5 9. Bxb5+ Kd8 10. Qf3 Bb7 11. O-O exd4 12. Re1 Bd6 13. d3 Qf6 14. Qg4
Bc8 15. Qe4 c6 16. Bxc6 Bxh2+ 17. Kxh2 Qxc6 18. Qxd4 Re8 19. Bg5+ f6 20. Nc3
Bb7 21. Bh4 Rc8 22. Bg3 Re7 23. Ne4 Ba8 24. Nd6 Rcc7 25. f3 Qc5 26. Nf5 Red7
27. Qe4 Kc8 28. Rac1 Qb6 29. Bxc7 Rxc7 30. Ne7+ Nxe7 31. Qxa8+ Kd7 32. Rxe7+
Kxe7 33. Re1+ Kd6 34. Qf8+ Kd5 35. Qg8+ 1-0

[Event "39th Olympiad Khanty-Mansiysk 2010"]
[Site "Khanty-Mansiysk/Russia"]
[Date "2010.09.22"]
[Round "1"]
[White "Markos, Jan"]
[Black "Cmilyte, Viktorija"]
[Result "1-0"]
[WhiteElo "2566"]
[BlackElo "2513"]
[PlyCount "77"]
[EventDate "2010.??.??"]
[WhiteTeam "Slovakia"]
[BlackTeam "Lithuania"]
[WhiteTeamCountry "SVK"]
[BlackTeamCountry "LTU"]
[TimeControl "40/5400+30:1800+30"]

1. Nf3 Nf6 2. c4 g6 3. Nc3 d5 4. cxd5 Nxd5 5. Qa4+ Nc6 6. Ne5 Qd6 7. Nxc6 Qxc6
8. Qxc6+ bxc6 9. g3 Nxc3 10. dxc3 Be6 11. Bf4 Rb8 12. O-O-O Bd5 13. Rg1 Bg7 14.
Bxc7 Rc8 15. Ba5 Bxa2 16. Bg2 e6 17. Kc2 Bc4 18. Rd2 Bb5 19. b3 c5 20. c4 Bc6
21. Bxc6+ Rxc6 22. Rgd1 O-O 23. Rd6 Rfc8 24. Rxc6 Rxc6 25. Rd8+ Bf8 26. Bd2 Kg7
27. Bc3+ Kg8 28. Bf6 Rd6 29. Rc8 Rd7 30. b4 cxb4 31. c5 a5 32. c6 Rd6 33. c7
Rc6+ 34. Kb3 e5 35. Be7 Rc3+ 36. Ka4 Kg7 37. Bxf8+ Kf6 38. Bd6 Ke6 39. Re8+ 1-0

[Event "39th Olympiad Khanty-Mansiysk 2010"]
[Site "Khanty-Mansiysk/Russia"]
[Date "2010.09.22"]
[Round "1"]
[White "Mekhitarian, Krikor Sevag"]
[Black "Bu, Xiangzhi"]
[Result "1/2-1/2"]
[WhiteElo "2550"]
[BlackElo "2695"]
[PlyCount "58"]
[EventDate "2010.??.??"]
[WhiteTeam "Brazil"]
[BlackTeam "China"]
[WhiteTeamCountry "BRA"]
[BlackTeamCountry "CHN"]
[TimeControl "40/5400+30:1800+30"]

1. d4 d5 2. c4 c6 3. Nf3 Nf6 4. Nc3 dxc4 5. a4 Bf5 6. Ne5 Nbd7 7. Nxc4 Qc7 8.
g3 e5 9. dxe5 Nxe5 10. Bf4 Nfd7 11. Bg2 g5 12. Ne3 gxf4 13. Nxf5 O-O-O 14. Qc2
Nc5 15. O-O fxg3 16. hxg3 a5 17. Rad1 h5 18. Rxd8+ Qxd8 19. Rd1 Qf6 20. Ne4
Nxe4 21. Qxe4 Bb4 22. Bh3 Kb8 23. Qd4 Qe6 24. Kg2 Ng6 25. Ne3 Qe7 26. Qc4 Qf6
27. Qd4 Qe7 28. Qc4 Qf6 29. Qd4 Qe7 1/2-1/2